Workbook
Name _1_: #REF!
Name _1_1: #REF!
Name _ｃ: #REF!
Name 〃: #REF!
Name ａ: #REF!
Name ｂ: #REF!
Name ＣＲＣ: #REF!
Name ｄ: #REF!
Name ｅ: #REF!
Name ｆ: #REF!
Name OLE_LINK1: '別紙第1～6(13)'!$BP$1
Name OLE_LINK2: '別紙第1～6(13)'!$BP$3
Name PA: #REF!
Name PRINT_AREA_MI: #REF!
Name Print_Titles_MI: #REF!
Name ssss: #REF!
Name yo: #REF!
Name あ: #REF!
Name カタログ: #REF!
Name カタログ名: #REF!
Name グリーズスプレー: #REF!
Name ゴム手袋: #REF!
Name シャッター用潤滑油: #REF!
Name ページ: #REF!
Name ページ１: #REF!
Name ページ１０: #REF!
Name ページ１１: #REF!
Name ページ１２: #REF!
Name ページ１３: #REF!
Name ページ１４: #REF!
Name ページ１５: #REF!
Name ページ２: #REF!
Name ページ３: #REF!
Name ページ３０: #REF!
Name ページ４: #REF!
Name ページ５: #REF!
Name ページ６: #REF!
Name ページ７: #REF!
Name ページ８: #REF!
Name ページ９: #REF!
Name 一位: #REF!
Name 一位代価: #REF!
Name 一位代価①: #REF!
Name 一位代価計: #REF!
Name 一位代価統計①: #REF!
Name 一位代価統計３: #REF!
Name 一位代価統計４: #REF!
Name 科目: #REF!
Name 科目１: #REF!
Name 科目表: #REF!
Name 会社名: #REF!
Name 各付区分: #REF!
Name 管理区分: #REF!
Name 基礎数: #REF!
Name 基礎数値①: #REF!
Name 基礎数値３: #REF!
Name 基礎数値４: #REF!
Name 機械経費: #REF!
Name 業者コード: #REF!
Name 業者一覧: #REF!

Sheet 入札説明書
A1: 入 札 説 明 書
A4: =CONCATENATE(" ",[1]基礎入力シート!B14,"の",[1]基礎入力シート!B16,"に係わる入札公告(",[1]基礎入力シート!C25,")に基づく入札等については、") -> 第３３４会計隊の３１号建物給水ポンプ他修繕工事に係わる入札公告(建築一式)に基づく入札等については、
A5: 関係法令に定めるもののほか、この入札説明書によるものとする。
A7: １ 入札公告日 ： | B7: =[1]行程別日付入力シート!S6 -> 46280
A9: ２ 契約担当官等
A10: ア 契約担当官： | B10: =CONCATENATE([1]基礎入力シート!B11," ",[1]基礎入力シート!F11," ",[1]基礎入力シート!B12," ",[1]基礎入力シート!G12) -> 分任契約担当官 陸上自衛隊宇都宮駐屯地 第３３４会計隊長 今野 誠
A11: イ 住 所： | B11: =CONCATENATE([1]公告_以上!A112," ",[1]公告_以上!A113) -> 〒321-0145 栃木県宇都宮市茂原1-5-45
A13: ３ 工事概要 | B13: =[1]基礎入力シート!B19 -> 用途(管)
B14: =[1]基礎入力シート!B20 -> 0
A15: (1) 工事名 ： | B15: =[1]基礎入力シート!B16 -> ３１号建物給水ポンプ他修繕工事
A17: (2) 工事場所 ： | B17: =[1]基礎入力シート!B17 -> 陸上自衛隊宇都宮駐屯地
A19: (3) 工事内容及び工事範囲 ：別冊図面及び仕様書のとおり。
L20: いいえ
A21: (4) 工期 ： | B21: =[1]行程別日付入力シート!S4 -> 46465 | L21: ア 本工事は、工事費内訳明細書の提出を義務付ける工事である。
L22: イ 本工事は、数量公開の対象工事であり、設計数量を参考数量として公開することとしており、手続きの詳細は、
A23: (5) 使用する主要な資機材 ：別冊図面及び仕様書のとおり。 | L23: 別添「数量公開の説明書」を参照するものとする。
B24: =[1]基礎入力シート!B18 -> 0
A25: (6) その他 | L25: はい
A26: =IF([1]基礎入力シート!B39="はい",L26,L21) -> ア 本工事は、工事費内訳明細書の提出を義務付ける工事である。 | L26: 本工事は、発注者が競争参加希望者に見積の提出を求め、ヒアリングを通じて見積の妥当性を確認し、妥当性が
A27: =IF([1]基礎入力シート!B39="はい",L27,L22) -> イ 本工事は、数量公開の対象工事であり、設計数量を参考数量として公開することとしており、手続きの詳細は、 | L27: 確認できた見積を積算格に反映させるものである。
A28: =IF([1]基礎入力シート!B39="はい",L28,L23) -> 別添「数量公開の説明書」を参照するものとする。 | L28: =CONCATENATE(" 見積の提出期限までに",[1]基礎入力シート!C25,"工事、",[1]基礎入力シート!C25,"工事に対する直接工事費(当該工事に必要な仮設日を含む。)") -> 見積の提出期限までに建築一式工事、建築一式工事に対する直接工事費(当該工事に必要な仮設日を含む。)
A29: =IF([1]基礎入力シート!B39="はい",L29,"") | L29: について記載した見積（以下「見積」という。）を提出するものとする。
A30: (7) 各種提出期限等
A31: 細部は各項を参照されたい。
A32: Ｎｏ | B32: 区 分 | D32: 開始日 | F32: 終了(〆切)日 | H32: 提出(通知)方法 | J32: 記載項目
A33: 1 | B33: 入札公告日 | D33: =[1]行程別日付入力シート!S6 -> 46280 | J33: １
A34: 2 | B34: 工 期 | D34: =[1]行程別日付入力シート!S32 -> 46311 | F34: =[1]行程別日付入力シート!S4 -> 46465 | J34: １(4)
A35: 3 | B35: 入札説明書交付 | D35: =[1]行程別日付入力シート!S9 -> 46281 | F35: =[1]行程別日付入力シート!S10 -> 46295
A36: 4 | B36: 参加申請書提出 | D36: =[1]行程別日付入力シート!S9 -> 46281 | F36: =[1]行程別日付入力シート!S13 -> 46295 | H36: 持参、郵送又はメール | J36: ７(1)
A37: 5 | B37: ヒアリング | D37: =[1]行程別日付入力シート!S16 -> 0 | F37: =[1]行程別日付入力シート!S17 -> 0
A38: 6 | B38: 参加資格結果通知 | D38: =[1]行程別日付入力シート!S13 -> 46295 | F38: =[1]行程別日付入力シート!S20 -> 46301 | H38: 郵送又はメール | J38: ７(5)
A39: 7 | B39: 不適格の説明要求 | D39: =[1]行程別日付入力シート!S20+1 -> 46302 | F39: =[1]行程別日付入力シート!S23 -> 46304 | H39: 書面（持参） | J39: ８(1)
A40: 8 | B40: 説明要求の回答 | D40: =[1]行程別日付入力シート!S23+1 -> 46305 | F40: =[1]行程別日付入力シート!S26 -> 46309 | H40: 書面（持参） | J40: ８(2)
A41: 9 | B41: 入札書提出期限 | D41: =[1]行程別日付入力シート!S20 -> 46301 | F41: =[1]行程別日付入力シート!S29 -> 46310 | H41: 持参又は郵送 | J41: 10
A42: 10 | B42: 開 札 | D42: =[1]行程別日付入力シート!S32 -> 46311 | J42: 13
A43: 11 | B43: 再度入札 | D43: =[1]行程別日付入力シート!S35 -> 46316 | H43: 持参又は郵送 | J43: 13(5)
A44: 12 | B44: 質問書受付 | D44: =[1]行程別日付入力シート!S38 -> 46282 | F44: =[1]行程別日付入力シート!S39 -> 46302 | H44: 持参、郵送又はメール | J44: ９(1)
A45: 13 | B45: 質問書の回答 | D45: =[1]行程別日付入力シート!S42 -> 46307 | F45: =[1]行程別日付入力シート!S43 -> 46310 | H45: 持参、郵送又はメール | J45: ９(2)
A46: 14 | B46: 再審査 | D46: =[1]行程別日付入力シート!S47 -> 46316 | F46: =[1]行程別日付入力シート!S47 -> 46316 | H46: 書面（持参） | J46: 23
A54: =IF([1]基礎入力シート!B39="はい",L54,"")
A55: =IF([1]基礎入力シート!B39="はい",L55,"") | L55: (7) 本工事では、見積の提出後、競争参加希望者の責任者、配置予定の技術者等からヒアリングを行い、見積の妥当性を
A56: =IF([1]基礎入力シート!B39="はい",L56,"") | L56: 確認するものとする。
A57: =IF([1]基礎入力シート!B46="はい",L57,"")
A58: ４ 競争参加資格
A59: (1) 予算決算及び会計令（昭和22年勅令第165号。以下「予決令」という。）第70条及び第71条の規定に該当しない者
A60: であること。
A61: なお、未成年者、被保佐人又は被補助人であって、契約締結のために必要な同意を得ている者は、同条中、特別な
A62: 理由がある場合に該当する。
A64: (2) 防衛省における令和７・８年度一般競争（指名競争）参加資格（以下「防衛省競争参加資格」という。）のうち、
A65: 2(4)に示す級別の格付を受け、北関東防衛局 に競争参加を希望していること（会社更生法（平成14年法律第154号）
A66: に基づき更生手続開始の申立てがなされている者又は民事再生法（平成11年法律第225号）に基づき再生手続開始
A67: の申立てがなされている者については、手続開始の決定後、再度級別の格付を受けていること。）。
A68: ただし、防衛省参加資格については、申請中で、当該通知書を受けていない場合は、更新に係る申請中であることを
A69: 証明できる書類の写しを提出するとともに、更新手続完了後、防衛省競争参加資格の写しを提出するものとする。
A71: (3) 会社更生法に基づき更生手続開始の申立てがなされている者又は民事再生法に基づき再生手続開始の申立て
... A74: (4) 以下の表の示す防衛省参加資格の等級(資格審査結果通知書の記3の等級）以上であること
B75: 工事区分 | D75: 格付
B76: =[1]公告_以上!B51 -> 建築一式 | D76: =[1]公告_以上!D51 -> D
B77: =[1]公告_以上!B52 -> 管 | D77: =[1]公告_以上!D52 -> C
B78: =[1]公告_以上!B53 -> 0 | D78: =[1]公告_以上!D53 -> 0
B79: =[1]公告_以上!B54 -> 0 | D79: =[1]公告_以上!D54 -> 0
A81: =CONCATENATE("(5) 平成",[1]基礎入力シート!J39, "年度以降入札公告日までに、元請けとして完成・引渡しを完了した工事のうち上記1(4)の工事を施工した") -> (5) 平成23年度以降入札公告日までに、元請けとして完成・引渡しを完了した工事のうち上記1(4)の工事を施工した
A82: 実績を有すること （建設共同企業体の構成員としての実績は、出資比率が20％以上のものに限る。）。
A83: なお、当該実績が平成13年12月25日以降に完成した防衛省発注機関（契約担当官等が属する防衛省本省の内
A84: 部部局、防衛大学校、防衛医科大学校、防衛研究所、統合幕僚監部、陸上幕僚監部、海上幕僚監部、航空幕僚監
A85: 部、情報本部、防衛監察本部、地方防衛局並びに統合幕僚長及び陸上幕僚長、海上幕僚長又は航空幕僚長の監
A86: 督を受ける陸上自衛隊、海上自衛隊及び航空自衛隊の部隊及び機関並びに防衛装備庁をいう。以下同じ。）（旧防
A87: 衛施設局及び旧防衛施設支局を含む。）の発注した工事に係るものにあっては、防衛施設庁において実施する建設
A88: 工事の請負業者の施工成績評定要領について（施本建第220号（CCP）。13．12．19）に基づく施工成績評定通知書
A89: （以下「施工成績評定通知書」という。）並びに工事成績評定要領について（施本建第134号（CCP）。19．7．30）、工
A90: 事成績評定要領について（経施第4404号。21．3．31）、工事成績評定要領について（防整技第15542号。27．10．1）
A91: 又は工事成績評定要領について（防整技第7160号。28．3．31）に基づく工事成績評定通知書（以下「工事成績評定
A92: 通知書」という。）の評定点合計（以下「評定点合計」という。）が65点未満のものを除くこと。
A93: また、実績が工事成績相互利用登録機関が発注した工事で工事成績評定相互利用対象工事に該当するものであ
... A101: ること。
A102: =CONCATENATE(" ア 平成",[1]基礎入力シート!J39,"年度以降入札公告日までに、(5)に掲げる工事の経験を有する者である。") -> ア 平成23年度以降入札公告日までに、(5)に掲げる工事の経験を有する者である。
A103: （原則、着工から完成まで従事している。）
A104: なお、当該経験が平成13年12月25日以降に完成した防衛省発注機関（旧防衛施設局及び旧防衛施設支局を
A105: 含む。）の発注した工事に係るものにあっては、評定点合計が65点未満のものを除く。
A106: また、経験が工事成績相互利用登録機関が発注した工事で工事成績評定相互利用対象工事に該当するもので
A107: ある場合は、その成績が65点未満のものを除く。
A109: イ 監理技術者にあっては、監理技術者資格者証及び監理技術者講習修了証を有する者である。
A111: ウ 配置予定の監理技術者等にあっては直接的かつ恒常的な雇用関係が必要であるので、その旨を明示すること
A112: ができる資料を求めることがあり、その明示がなされない場合は入札に参加できないことがある。
A114: (8) 一般競争参加資格確認申請書（以下「申請書」という。）及び競争参加資格確認資料（以下「資料」という。）の提
A115: 出期限の日から開札の時までの期間に、北関東防衛局長から、工事請負契約等に係る指名停止等の措置要領につ
A116: いて（防整施（事）第150号。28.３.31）（以下「指名停止措置要領」という。）に基づく指名停止を受けていないこと。
A118: =CONCATENATE("(9) ", [1]基礎入力シート!B14,"が発注した4（4）に示した同区分のうち","平成",[1]基礎入力シート!J39,"年度以降入札公告日まで完成・引渡しが") -> (9) 第３３４会計隊が発注した4（4）に示した同区分のうち平成23年度以降入札公告日まで完成・引渡しが
A119: 完了した工事の施工実績がある場合においては、当該工事に係る評定点合計の平均が65点以上であること。
A121: (10) 上記３(1)に示した工事に係る設計業務等の受注者（受注者が共同体である場合においては、当該共同体の
A122: 各構成員をいう。以下同じ。）又は当該受注者と資本若しくは人事面において関連がある建設業者でないこと。
A124: (11) 入札に参加しようとする者の間に次の基準のいずれかに該当する関係がないこと（基準に該当する者のすべてが
A125: 共同企業体の代表者以外の構成員である場合は除く。以下同じ。）。
A126: なお、この場合に、辞退する者を決めることを目的に当事者間で連絡を取ることは、入札心得書第６条第２項の規
A127: 定に抵触するものでない。
A129: ア 資本関係
A130: 次のいずれかに該当する２者の場合。ただし、子会社（会社法（平成１７年法律第８６号）第２条第３号の規定
A131: による子会社をいう。以下同じ。）若しくは子会社の一方が会社更生法第２条第７項に規定する更生会社（以下
A132: 「更生会社」という。）又は民事再生法第２条第４号に規定する再生手続が存続中の会社等（会社法施行規則
A133: （平成１８年法務省令第１２号）第２条第３項第２号に規定する会社等をいう。）である場合は除く。
...

Sheet 別紙第1～6(13)
K1: 別紙第1 | W1: 別紙第1 | BI1: 別紙第4
Y3: 工 程 表
A7: 一 般 競 争 参 加 資 格 確 認 申 請 書 (例) | M7: 一 般 競 争 参 加 資 格 確 認 申 請 書 | AT7: 工事名： | AY7: =P63 -> 0
AT9: 会社名：
A10: =[1]基礎入力シート!B11 -> 分任契約担当官 | M10: =A10 -> 分任契約担当官
A11: 陸上自衛隊宇都宮駐屯地 | M11: =A11 -> 陸上自衛隊宇都宮駐屯地
A12: =CONCATENATE([1]基礎入力シート!B12," ",[1]基礎入力シート!G12," ","殿") -> 第３３４会計隊長 今野 誠 殿 | H12: 住 所 | M12: =A12 -> 第３３４会計隊長 今野 誠 殿 | Y12: 項目 | AA12: 単位 | AC12: 数量 | AE12: 4月 | AH12: 5月 | AK12: 6月 | AN12: 7月 | AQ12: 8月 | AT12: 9月 | AW12: 10月 | AZ12: 11月 | BC12: 12月 | BF12: 1月 | BI12: 2月 | BL12: 3月
H13: 商号又は名称
H14: 代表者氏名 印
A15: =[1]行程別日付入力シート!S6 -> 46280 | M15: =[1]行程別日付入力シート!S6 -> 46280 | AE15: 10 20 | AH15: 10 20 | AK15: 10 20 | AN15: 10 20 | AQ15: 10 20 | AT15: 10 20 | AW15: 10 20 | AZ15: 10 20 | BC15: 10 20 | BF15: 10 20 | BI15: 10 20 | BL15: 10 20
A16: =CONCATENATE("付で入札公告のありました",[1]基礎入力シート!$B$16,"に係る競争参加資格について確認されたく、下記の書類を添えて申請します。") -> 付で入札公告のありました３１号建物給水ポンプ他修繕工事に係る競争参加資格について確認されたく、下記の書類を添えて申請します。 | M16: =CONCATENATE("付で入札公告のありました",[1]基礎入力シート!$B$16,"に係る競争参加資格について確認されたく、下記の書類を添えて申請します。") -> 付で入札公告のありました３１号建物給水ポンプ他修繕工事に係る競争参加資格について確認されたく、下記の書類を添えて申請します。
A19: なお、予算決算及び会計令（昭和２２年勅令第１６５号）第７０条の規定に該当する者 | M19: なお、予算決算及び会計令（昭和２２年勅令第１６５号）第７０条の規定に該当する者
A20: でないこと及び添付書類の内容について事実と相違と相違ないことを誓約します。 | M20: でないこと及び添付書類の内容について事実と相違と相違ないことを誓約します。
A26: 記 | M26: 記
A28: １ 入札説明書７(3)アに定める同種の工事の施工実績を記載した書面 | M28: １ 入札説明書７(3)アに定める同種の工事の施工実績を記載した書面
A30: ２ 入札説明書７(3)イに定める配置予定の技術者の資格等を記載した書面 | M30: ２ 入札説明書７(3)イに定める配置予定の技術者の資格等を記載した書面
A32: ３ 入札説明書７(3)エに定める契約書の写し | M32: ３ 入札説明書７(3)エに定める契約書の写し
A33: （契約書の写しの提出を求める場合のみ） | M33: （契約書の写しの提出を求める場合のみ）
A35: ４ 入札説明書７(3)ウに定める工程表を記載した書面 | M35: ４ 入札説明書７(3)ウに定める工程表を記載した書面
A36: （工程表の提出を求める場合のみ） | M36: （工程表の提出を求める場合のみ）
A38: ５ 入札説明書４(14)に定める誓約書 | M38: ５ 入札説明書４(14)に定める誓約書
Z39: ■工程管理に対する技術的所見
J40: 以上 | V40: 以上
A42: 注１） 返信用封筒として、表に申請者の住所・氏名を記載し、簡易書留料金分を加えた所定の料金 | M42: 注１） 返信用封筒として、表に申請者の住所・氏名を記載し、簡易書留料金分を加えた所定の料金
A43: の切手を貼った長３号封筒を申請書と併せて提出して下さい。 | M43: の切手を貼った長３号封筒を申請書と併せて提出して下さい。
A45: 注２） ４項は提出者のみ記載して下さい。 | M45: 注２） ４項は提出者のみ記載して下さい。
K55: 別紙第2 | W55: 別紙第2 | BJ55: 別紙第５
A56: 同種の工事の施工実績 (例) | M56: 同種の工事の施工実績
BE57: 令和 年 月 日
Y60: 誓約書
G61: 会社名 | S61: 会社名
B63: 工事名 | N63: 工事名
A64: 工 | M64: 工 | Y64: =A10 -> 分任契約担当官
B65: 発注機関名 | N65: 発注機関名 | Y65: =A11 -> 陸上自衛隊宇都宮駐屯地
A66: 事 | M66: 事 | Y66: =A12 -> 第３３４会計隊長 今野 誠 殿
B67: 工事場所 | D67: （都道府県名、市町村名を記入する。） | N67: 工事場所
A68: 名 | M68: 名 | AT68: 住 所
B69: 契約金額 | D69: 百万円単位 | N69: 契約金額 | AT69: 商号又は名称
A70: 称 | M70: 称 | AT70: 代表者氏名 印
B71: 工期 | D71: 年 月～ 年 月 | N71: 工期
A72: 等 | M72: 等
B73: 受注形態 | D73: 単体／ＪＶ（出資比率） | N73: 受注形態
Y74: 弊社は、過去 年間に防衛省発注の工事（業務）を完成（完了）・引渡ししておりますが、その際、契約条項に則り守秘義務に努めておりました。今回、本工事（業務）を受注する際には、過年度の契約と同様に、契約条項に則り守秘義務に努めること、また、契約を履行する一環として収集、整理、作成等した一切の情報については、発注者の同意なく、代表権を有する者、役員（持分会社にあっては社員を含む。）、管理職員等であっても、その取扱いを認められた者以外の者はこれに接しないこと、及び、職務上の下級者等に対してその提供を要求しないなど情報の保全に万全を期すこと、あわせて、本業務に従事する業務従事者若しくは親会社等の国籍その他これに類するものが、発注者との契約に違反する行為を求められた場合に、これを拒む権利を実効性をもって法的に保障されない国又は地域に該当する者及び国連安保理決議において労働許可を提供しないことが決定されている国又は地域に該当する者でないことを誓約いたします。
B75: 構造形式 | N75: 構造形式
A76: 工 | M76: 工
B77: 規模・寸法 | N77: 規模・寸法
A78: 事 | M78: 事
B79: 使用機材・数量 | N79: 使用機材・数量
A80: 概 | M80: 概
B81: 施工条件 | D81: （市街地・軟弱地質等） | N81: 施工条件
A82: 要 | M82: 要
B83: その他 | N83: その他
A85: CORINS登録の有無 | D85: 有（CORINS登録番号 ） 無 | M85: CORINS登録の有無 | P85: 有（CORINS登録番号 ） 無
A88: 注） １ 必ず同種工事が確認できる内容で記載のこと。 | M88: 注） １ 必ず同種工事が確認できる内容で記載のこと。
A90: ２ CORINS登録の有無について、いずれかに○を付す。 | M90: ２ CORINS登録の有無について、いずれかに○を付す。
A92: 「有」に○を付した場合は、CORINSの登録番号を記載すること。 | M92: 「有」に○を付した場合は、CORINSの登録番号を記載すること。
A94: 「無」に○を付した場合は契約書の写しを添付すること。 | M94: 「無」に○を付した場合は契約書の写しを添付すること。
A96: ３ 記載する工事が、平成１３年１２月２５日以降に完成した地方防衛局等の発注した工事の場合は、 | M96: ３ 記載する工事が、平成１３年１２月２５日以降に完成した地方防衛局等の発注した工事の場合は、
A98: 当該工事に係る施工成績評定通知書又は工事成績評定通知書等の写しを添付すること。 | M98: 当該工事に係る施工成績評定通知書又は工事成績評定通知書等の写しを添付すること。
K108: 別紙第3 | W108: 別紙第3 | BJ108: 別紙第６
A109: 配 置 予 定 の 技 術 者 (例) | M109: 配 置 予 定 の 技 術 者
BE110: 令和 年 月 日
G113: 会社名 | S113: 会社名 | Y113: 誓約書
A116: 項 目 | D116: 主任技術者又は監理技術者 | M116: 項 目
A117: 氏 名 | M117: 氏 名 | Y117: =A10 -> 分任契約担当官
A118: 最 終 学 歴 | D118: （学校名、学科名及び卒業年次を記入する。） | M118: 最 終 学 歴 | Y118: =A11 -> 陸上自衛隊宇都宮駐屯地
A119: 法 令 に よ る資 格 ・ 免 許 | D119: （施工管理技士、建築士等の名称及び取得年月日、監理技術者資格の取得年月日、登録番号及び登録会社並びに監理技術者講習の取得年月日及び修了証番号を記入する。） | M119: 法 令 に よ る資 格 ・ 免 許 | Y119: =A12 -> 第３３４会計隊長 今野 誠 殿
AT121: 住 所
AT122: 商号又は名称
A123: 工事概要 | B123: 工事名 | M123: 工事概要 | N123: 工事名 | AT123: 代表者氏名 印
B124: 発注者名 | N124: 発注者名
B125: 工事場所 | D125: （都道府県名、市町村名を記入する。） | N125: 工事場所
B126: 契約金額 | D126: （百万円単位で記入する） | N126: 契約金額
B127: 工期 | D127: 年 月～ 年 月 | N127: 工期 | Y127: 弊社は、本工事（業務）を受注する際には、契約条項に則り守秘義務に努めること、また、契約を履行する一環として収集、整理、作成等した一切の情報については、発注者の同意なく、代表権を有する者、役員（持分会社にあっては社員を含む。）、管理職員等であっても、その取扱いを認められた者以外の者はこれに接しないこと、及び、職務上の下級者等に対してその提供を要求しないなど情報の保全に万全を期すこと、あわせて、本業務に従事する業務従事者若しくは親会社等の国籍その他これに類するものが、発注者との契約に違反する行為を求められた場合に、これを拒む権利を実効性をもって法的に保障されない国又は地域に該当する者及び国連安保理決議において労働許可を提供しないことが決定されている国又は地域に該当する者でないことを誓約いたします。
B128: 従事役職 | D128: （現場代理人、主任（監理）技術者等の名称） | N128: 従事役職
B129: 工事内容 | N129: 工事内容
B130: CORINS登録の有無 | D130: 有（CORINS登録番号 ） 無 | N130: CORINS登録の有無 | P130: 有 （CORINS登録番号 ） 無
A131: 申請時における他工事の従事状況等 | B131: 工事名 | M131: 申請時における他工事の従事状況等 | N131: 工事名
B132: 発注者名 | N132: 発注者名
B133: 工期 | D133: 年 月～ 年 月 | N133: 工期
B134: 従事役職 | D134: （現場代理人、主任（監理）技術者等の名称） | N134: 従事役職
B135: 本工事と重複する場合の対応措置 | N135: 本工事と重複する場合の対応措置
B137: CORINS登録の有無 | D137: 有（CORINS登録番号 ） 無 | N137: CORINS登録の有無 | P137: 有 （CORINS登録番号 ） 無
A140: 注） １ 必ず同種工事が確認できる内容で記載のこと。 | M140: 注） １ 必ず同種工事が確認できる内容で記載のこと。
A142: ２ CORINS登録の有無について、いずれかに○を付す。 | M142: ２ CORINS登録の有無について、いずれかに○を付す。
A144: 「有」に○を付した場合は、CORINSの登録番号を記載すること。 | M144: 「有」に○を付した場合は、CORINSの登録番号を記載すること。
A146: 「無」に○を付した場合は契約書の写しを添付すること。 | M146: 「無」に○を付した場合は契約書の写しを添付すること。
A148: ３ 記載する工事が、平成１３年１２月２５日以降に完成した地方防衛局等の発注した工事の場合は、 | M148: ３ 記載する工事が、平成１３年１２月２５日以降に完成した地方防衛局等の発注した工事の場合は、
A150: 当該工事に係る施工成績評定通知書又は工事成績評定通知書等の写しを添付すること。 | M150: 当該工事に係る施工成績評定通知書又は工事成績評定通知書等の写しを添付すること。
I161: 別紙第13 | U161: 別紙第13
I162: 平成 年 月 日 | U162: 平成 年 月 日
A164: 見積に関するヒアリング日時希望通知書（例） | M164: 見積に関するヒアリング日時希望通知書
A167: =A10 -> 分任契約担当官 | M167: =M10 -> 分任契約担当官
A168: =A11 -> 陸上自衛隊宇都宮駐屯地 | M168: =M11 -> 陸上自衛隊宇都宮駐屯地
A169: =A12 -> 第３３４会計隊長 今野 誠 殿 | H169: 住 所 | M169: =M12 -> 第３３４会計隊長 今野 誠 殿
H170: 商号又は名称
H171: 代表者氏名 印
A174: 見積りに関するヒアリングについては、以下のとおり希望日時等を通知します。 | M174: 見積りに関するヒアリングについては、以下のとおり希望日時等を通知します。
A177: 工 事 名 | D177: =D123 -> 0 | M177: 工 事 名 | P177: =P123 -> 0
A179: ヒアリング出席予定者 | D179: ①配置予定技術者氏名 | M179: ヒアリング出席予定者 | P179: ①配置予定技術者氏名
...

Sheet 別紙第7
F1: 別紙第７
F2: （用紙A４版）
B3: 業務従事者一覧
B5: 監理（主任・管理）技術者 | D5: 氏名
D6: 所属
D7: 役職
D8: 学歴 | E8: （中学校以降を記載）
D9: 職歴
D10: 業務経験 | E10: （特に海外での業務経験、情報保全に関する業務経験があれば積極的に記載）
D11: 研修実績その他の経歴 | E11: （特に海外業務に関する研修、情報保全に関する研修があれば積極的に記載）
D12: 専門的知識その他の知見 | E12: （特に海外業務に関する専門的知識、情報保全に関する専門的知識があれば積極的に記載）
D13: 資格 | E13: （特に海外業務に関する資格、情報保全に関する資格があれば積極的に記載）
D14: 母語及び外国語能力
D15: 国籍その他文化的背景
D16: 業績等 | E16: （特に海外業務に関する業績、情報保全に関する業績があれば積極的に記載）
B17: 現場代理人 | D17: 氏名
D18: 所属
D19: 役職
D20: 学歴
D21: 職歴
D22: 業務経験
D23: 研修実績その他の経歴
D24: 専門的知識その他の知見
D25: 資格
D26: 母語及び外国語能力
D27: 国籍その他文化的背景
D28: 業績等
B29: 担当技術者 | D29: 氏名
D30: 所属
D31: 役職
D32: 学歴
D33: 職歴
D34: 業務経験
D35: 研修実績その他の経歴
D36: 専門的知識その他の知見
D37: 資格
D38: 母語及び外国語能力
D39: 国籍その他文化的背景
D40: 業績等
A42: 注： | B42: 1 | C42: 不要な行は削除すること。
B43: 2 | C43: 記載する内容が特にない項目は、「特になし」と記載すること。
B44: 3 | C44: 内容を証明する資料は不要。自己申告で良い。

Sheet 別紙第8
F1: 別紙第８
F2: （用紙A４版）
B3: 取扱い制限情報に関する社内規則
B5: 項目 | E5: 内容
B6: 取扱い制限情報に関する社内規則 | E6: □ 社内規則がある
E7: □ 社内規則に類する資料がある
E8: □ 社内規則及びそれに類する資料がない
A10: 注： | B10: 1 | C10: いずれかの「□」に「■」を付す。
B11: 2 | C11: 社内規則若しくはそれに類する資料がある場合は、その写しを提出する。
B12: 3 | C12: 社内規則及びそれに類する資料がない場合は、別に定める申出書を提出する。

Sheet 別紙第9
K1: 別紙第９
I3: 令和 年 月 日
A7: 申 出 書
A10: ='別紙第1～6(13)'!A10 -> 分任契約担当官
A11: ='別紙第1～6(13)'!A11 -> 陸上自衛隊宇都宮駐屯地
A12: ='別紙第1～6(13)'!A12 -> 第３３４会計隊長 今野 誠 殿
G14: 住 所
G15: 商号又は名称
G16: 代表者氏名 印
A20: 弊社は、顧客との契約に基づき取扱いを制限された情報については、代表権を有する者、役員（持分会社にあっては社員を含む。）、管理職員等であっても、当該契約に基づきその取扱いを認められた者以外の者はこれに接しないこと、また、職務上の下級者等に対してその提供を要求しないことを申し出ます。
A26: 代表者 （記名・押印）
A27: 役 員 （記名・押印）
A33: ※履歴事項全部証明書に記載のある役員全ての記名押印を行うこと。
A34: ※履歴事項全部証明書の写しを提出すること。
A35: ※上に記載した代表者及び役員から、この申出内容に関する真正性を確保できる資料を提出すること。

Sheet 別紙第10
F1: 別紙第１０
F2: （用紙A４版）
B3: 指導・監督・業務支援・助言・監査等を行う者一覧
B5: 親会社 | D5: 会社名
D6: 代表者名
D7: 本社所在地
B8: 地域統括会社 | D8: 会社名
D9: 代表者名
D10: 本社所在地
B11: ブランド・ライセンサー | D11: 会社名
D12: 代表者名
D13: 本社所在地
B14: フランチャイザー | D14: 会社名
D15: 代表者名
D16: 本社所在地
B17: コンサルタント | D17: 会社名
D18: 代表者名
D19: 本社所在地
B20: □ 親会社等が存在しない
A22: 注： | B22: 1 | C22: 不要な行は削除すること。
B23: 2 | C23: 親会社にさらに親会社が存在する場合は、全ての親会社について記載すること。
B24: 3 | C24: 内容を証明する資料を提出すること。HP等出来合いの資料で可。

Sheet 別紙第11
F1: 別紙第１１
F2: （用紙A４版）
B3: 取扱い制限情報が親会社等への報告等対象でないことがわかる資料
B5: 項目 | E5: 内容
B6: 取扱い制限情報に関する資料 | E6: □ 報告、共有又はその他情報提供の対象とならないことが明記された資料がある
E7: □ 上記に類する資料がある
E8: □ 資料がない
A10: 注： | B10: 1 | C10: いずれかの「□」に「■」を付す。
B11: 2 | C11: 資料がある場合は、その写しを提出する。
B12: 3 | C12: 資料がない場合は、別に定める申出書を提出する。

Sheet 別紙第12
K1: 別紙第12
I3: 令和 年 月 日
A7: 申 出 書
A10: ='別紙第1～6(13)'!A10 -> 分任契約担当官
A11: ='別紙第1～6(13)'!A11 -> 陸上自衛隊宇都宮駐屯地
A12: ='別紙第1～6(13)'!A12 -> 第３３４会計隊長 今野 誠 殿
G14: 住 所
G15: 商号又は名称
G16: 代表者氏名 印
A20: 弊社は、顧客との契約に基づき取扱いを制限された情報については、親会社、地域統括会社、ブランド・ライセンサー、フランチャイザー、コンサルタント等の指導、監督、業務支援、助言、監査等を行う者であっても、当該契約に基づき、報告、共有又はその他情報提供の対象とならないことを申し出ます。
A26: 親会社 （商号又は名称・代表者氏名・代表者印）
A27: 地域統括会社 （商号又は名称・代表者氏名・代表者印）
A28: ブランド・ライセンサー （商号又は名称・代表者氏名・代表者印）
A29: フランチャイザー （商号又は名称・代表者氏名・代表者印）
A30: コンサルタント （商号又は名称・代表者氏名・代表者印）
A33: ※別紙様式第１０の一覧表に示した者全ての名称等を記載すること
A34: ※上に記載した親会社、地域統括会社、ブランド・ライセンサー、フランチャイザー及びコンサルタントから、この申出内容に関する真正性を確保できる資料を提出すること。

Sheet ※申請書作成要領
A2: 標準競争参加資格確認申請書作成要領 | U2: (2) 返信用封筒として、表に申請者の住所・氏名を記載し、簡易書留料金分を加えた
U3: 所定の料金（○○○円）の切手を貼付した長３号封筒を申請書と併せて提出して下
A4: 工事名： | B4: =[1]基礎入力シート!B16 -> ３１号建物給水ポンプ他修繕工事 | U4: さい。
A6: 上記工事に係る一般競争入札に参加を希望する者は、この作成要領に基づき「一般競争参加資格確認申請書」
A7: 「同種の工事の施工実績」「配置予定の技術者」を作成の上、各１部提出して下さい。また、「同種の施工実績」が
A8: 防衛省発注機関（旧防衛施設局及び旧防衛施設支局を含む。）の発注した工事以外の者又は平成１３年１２月２５日
A9: 以前に完成した者については、「工程管理に対する技術的所見」を作成の上、１部提出して下さい。
A10: なお、これらの資料は、競争参加資格を確認するための基礎資料として提出していただくものです。
A12: 記
A14: １ 一般競争参加資格確認申請書
A15: 住所、商号又は名称及び代表者名等を記載するとともに、代表者印等を必ず押印の上申請して下さい。
A17: ２ 同種の工事の施工実績
A18: 貴社が元請（共同企業体による施工は、出資比率が２０％以上とする。）として施工実績のある同種の工事について
A19: 記載して下さい。
A21: (1) 同種の工事とは次の事項を全て満足するものをいいます。
A22: ・ | B22: =[1]公告_以上!B21 -> 用途(管)
A23: ・ | B23: =[1]公告_以上!B22 -> 0
A25: =CONCATENATE(※申請書作成要領!V25,[1]基礎入力シート!J39,V26) -> (2) 記載する工事は、平成23年度以降に完成した工事の中から、代表的なものを１件記載して下さい。 | V25: (2) 記載する工事は、平成
A26: なお、同種工事との判断が難しい場合は３件程度まで記載されても可とします。 | V26: 年度以降に完成した工事の中から、代表的なものを１件記載して下さい。
A28: (3) 記載する工事が、平成１３年１２月２５日以降に完成した防衛省発注機関（旧防衛施設局及び旧防衛施設支局
A29: の発注した工事の場合は、防衛施設庁において実施する建設工事の請負業者の施工成績評定要領について
A30: を含む。）（施本建第220号（CCP）。13．12．19）に基づく施工成績評定通知書（以下「施工成績評定通知書」という）
A31: 並びに工事成績。評定要領について（施本建第134号（CCP）。19．７．30）、工事成績評定要領について（経施第
A32: 4404号。21．３．31）、工事成績評定要領について（防整技第15542号。27．10．1）又は工事成績評定要領について
A33: （防整技第7160号。28．３．31）に基づく工事成績評定通知書「（以下「評定通知書」という。）の写しを添付して下さい。
A34: なお、紛失等により評定通知書の写しを添付することができない場合は、書面（様式自由）により評定通知書の
A35: 写しの交付を申し出て下さい。
A37: (4) 「工事場所」は、都道府県名、市町村名を記載して下さい。
A39: (5) 「契約金額」は、百万円単位で記載して下さい。
A41: (6) 「工期」は、契約書に基づき記載して下さい。
A43: (7) 「受注形態等」は、単体若しくは共同企業体の別を記載し、共同企業体の場合は、当該企業体の名称と出資比率
... A121: (1) 提出場所
B122: =[1]公告_以上!A112 -> 〒321-0145
B123: =[1]公告_以上!A113 -> 栃木県宇都宮市茂原1-5-45
B124: =[1]公告_以上!A114 -> 陸上自衛隊宇都宮駐屯地 第334会計隊
B125: =[1]公告_以上!A115 -> 担当 成田
B126: =[1]公告_以上!A116 -> TEL 028-653-1551(内線351)
B127: =[1]公告_以上!A118 -> Mail 334fin-ea@inet.gsdf.mod.go.jp
A129: (2) 提出方法
A130: 持参、郵送（書留郵便に限る。）又は託送（書留郵便と同等のものに限る。）若しくは電子メールにて
A131: ご提出ください。
A133: (3) 提出期間 ： | C133: =[1]行程別日付入力シート!S13 -> 46295 | E133: =[1]行程別日付入力シート!Z13 -> 15時00分 | F133: まで
A134: ただし、正午から午後１時までの間は受付を行っていませんので注意して下さい。
A136: ６ 競争参加資格の確認
A137: 競争参加資格の確認は、提出期限の日をもって行い、その結果は以下の日付までに書面により通知します。
A138: 日付： | B138: =[1]行程別日付入力シート!S20 -> 46301
A140: ７ 競争参加資格がないと認められた方に対する理由の説明について
A142: (1) 競争参加資格がないと認められその旨通知された方は、その理由について説明を求めることができます。
A144: (2) (1)の説明を求める場合には、以下の日付までに持参により提出して下さい。ただし、正午から午後１時までの
A145: 間は受付を行っていませんので注意して下さい。 なお書面の提出先 については、5(1)と同とします。
A146: 日付： | B146: =[1]行程別日付入力シート!S23 -> 46304 | D146: =[1]行程別日付入力シート!Z23 -> 17時00分 | E146: まで
A148: (3) 説明を求められたときは、以下の日付までに、説明を求めた者に対して、回答書面を送付します。
A149: 日付： | B149: =[1]行程別日付入力シート!S26 -> 46309
A151: ８ その他
A153: (1) 資料の作成等に係る費用は、申請者の負担とします。
A155: (2) 提出された資料は、当局において目的以外に使用することはありません。
A157: (3) 提出された資料は、返却いたしません。
A159: (4) 提出期限日以降の資料の差替え及び再提出は認めません。
A161: (5) 資料提出に関する問い合わせ先 については、5(1)と同とします。
